 Dungeon Crawl Stone Soup version 0.30-a0-297-g0ec75d9ef4 (console) character file.

Game seed: 17880574762728785746

23558 Ignak the Covert (level 13, -3/98 HPs)
             Began as a Gnoll Enchanter on Oct 19, 2022.
             Was a Priest of Dithmenos.
             Hit by a large rock thrown by a cyclops (28 damage)
             ... on level 12 of the Dungeon.
             The game lasted 00:37:50 (13010 turns).

Ignak the Covert (Gnoll Enchanter)                 Turns: 13010, Time: 00:37:51

Health: -3/98      AC: 11    Str: 10    XL:     13   Next: 7%
Magic:  3/26       EV: 17    Int: 15    God:    Dithmenos [***...]
Gold:   716        SH:  5    Dex: 17    Spells: 14/31 levels left

rFire   + . .      SeeInvis +    b - +8 quarterstaff {flame, rC+ Will+ Str+2}
rCold   + . .      Faith    .    (shield currently unavailable)
rNeg    . . .      Spirit   .    N - +2 troll leather armour {Snorg}
rPois   .          Reflect  +    (helmet currently unavailable)
rElec   .          Harm     .    u - +0 cloak
rCorr   .          Rampage  .    m - +1 pair of gloves {infuse}
Will    +....                    (boots currently unavailable)
Stlth   ++++++....               J - amulet of reflection
HPRegen 1.16/turn                q - ring of see invisible
MPRegen 0.20/turn                j - ring of protection from fire

@: appendages, wereblooded, wreathed by umbra
A: horns 2, talons 2, fangs 1, strong nose, distributed training, mutation
resistance 1
a: End Transformation, Renounce Religion, Shadow Step


You were on level 12 of the Dungeon.
You worshipped Dithmenos.
Dithmenos was most pleased with you.
You had temporarily grown beastly horns and talons.
You visited 2 branches of the dungeon, and saw 13 of its levels.
You also visited: Bailey.

You collected 716 gold pieces.

Inventory:

Hand Weapons
 a - a +3 dagger of draining
 b - the +8 quarterstaff "Viesm" (weapon) {flame, rC+ Will+ Str+2}
   (You found it on level 9 of the Dungeon)

   It burns those it strikes, dealing additional fire damage.
   Str:       It affects your strength (+2).
   rC:        It protects you from cold.
   Will:      It increases your willpower.
 c - the +7 arbalest of Yhazimov {venom, Will+}
   (You found it on level 10 of the Dungeon)

   Any ammunition fired from it poisons the flesh of those it strikes.
   Will:      It increases your willpower.
 n - a +0 dagger of venom
 r - a +1 spectral short sword
 s - a +3 vorpal hammer
 t - a +3 quarterstaff of chaos
 L - a +1 hammer of holy wrath
Missiles
 P - 11 poisoned darts (quivered)
Armour
 k - a +0 kite shield
 m - a +1 pair of gloves of infusion (worn)
 u - a +0 cloak (worn)
 w - a +2 pair of boots (melded)
 F - a +1 robe of the Archmagi
 N - a +2 troll leather armour (worn) {Snorg}
 O - a +2 hat (melded)
Jewellery
 j - a ring of protection from fire (right hand)
 q - a ring of see invisible (left hand)
 D - a ring of willpower
 J - an amulet of reflection (around neck)
Wands
 g - a wand of flame (51)
 p - a wand of mindburst (1)
 y - a wand of iceblast (10)
Scrolls
 d - a scroll of blinking
 h - 2 scrolls of magic mapping
 i - a scroll of poison
 v - a scroll of enchant armour
 x - a scroll of butterflies
 A - 2 scrolls of amnesia
 B - 3 scrolls of silence
 C - 3 scrolls of vulnerability
 G - a scroll of fear
 H - 3 scrolls of teleportation
 Q - 2 scrolls of identify
 R - a scroll of brand weapon
Potions
 e - 5 potions of curing
 f - a potion of cancellation
 l - 3 potions of attraction
 o - a potion of heal wounds
 z - 5 potions of might
 E - a potion of magic {unknown}
 K - a potion of flight
 M - a potion of invisibility
 S - a potion of brilliance
Miscellaneous
 I - a phantom mirror (inert)


   Skills:
 + Level 8.2 Fighting
 + Level 8.7 Short Blades
 + Level 8.2 Long Blades
 + Level 8.2 Axes
 + Level 8.2 Maces & Flails
 + Level 8.2 Polearms
 + Level 8.2 Staves
 + Level 8.2 Ranged Weapons
 + Level 8.2 Throwing
 + Level 8.2 Armour
 + Level 9.5 Dodging
 + Level 10.2 Stealth
 + Level 8.2 Shields
 + Level 8.2 Unarmed Combat
 + Level 9.7 Spellcasting
 + Level 6.8 Conjurations
 + Level 8.9 Hexes
 + Level 6.8 Summonings
 + Level 6.8 Necromancy
 + Level 6.8 Translocations
 + Level 6.8 Transmutations
 + Level 6.8 Fire Magic
 + Level 6.8 Ice Magic
 + Level 6.8 Air Magic
 + Level 6.8 Earth Magic
 + Level 6.8 Poison Magic
 + Level 9.0 Invocations
 + Level 8.2 Evocations


You had 14 spell levels left.
You knew the following spells:

 Your Spells              Type           Power      Damage    Failure   Level
a - Confusing Touch       Hex            34%        N/A       1%          3
b - Blink                 Tloc           54%        N/A       1%          2
c - Ensorcelled Hibernat  Hex/Ice        60%        N/A       1%          2
d - Tukima's Dance        Hex            34%        N/A       1%          3
f - Fulminant Prism       Conj/Hex       15%        3d11      4%          4
q - Wereblood             Tmut           27%        N/A       1%          2
z - Beastly Appendage     Tmut           54%        N/A       1%          1

Your spell library contained the following spells:

 Spells                   Type           Power      Damage    Failure   Level
 Magic Dart               Conj           100%       1d8       1%          1
 Call Imp                 Summ           27%        N/A       1%          2
 Momentum Strike          Conj/Tloc      54%        3d9       1%          2
 Searing Ray              Conj           54%        2d6       1%          2
 Dazzling Flash           Conj/Hex       60%        N/A       1%          3
 Lesser Beckoning         Tloc           54%        N/A       2%          3
 Mephitic Cloud           Conj/Pois/Air  27%        N/A       2%          3
 Spider Form              Tmut/Pois      27%        N/A       2%          3
 Anguish                  Hex/Necr       15%        N/A       4%          4
 Passage of Golubria      Tloc           27%        N/A       8%          4
 Yara's Violent Unravell  Hex/Tmut       15%        3d8       14%         5


Dungeon Overview and Level Annotations

Branches:
Dungeon (12/15)            Temple (1/1) D:5            Lair (0/5) D:11
 Bailey (visited)
    Orc: D:9-12

Altars:
Ashenzari
Cheibriados
Dithmenos
Elyvilon
Fedhas
Gozag
Hepliaklqana
Kikubaaqudgha
Makhleb
Nemelex Xobeh
Okawaru
Qazlal
Ru
Sif Muna
Trog
Uskayaw
Vehumet
Wu Jian
Xom
Yredelemnul
Zin
The Shining One


Innate Abilities, Weirdness & Mutations

You have temporarily grown beastly horns and talons.
You have very sharp teeth.
Your uncanny sense of smell can sniff out nearby items.
Your experience applies equally to all skills.
You are somewhat resistant to further mutation.


Message History

You kill the yak!
Dithmenos accepts your kill. The yak gores you but does no damage.
The yak gores you.
The yaktaur wields a +0 arbalest.
The yaktaur shoots a bolt.
You reflect the bolt off an invisible shield around you!
The bolt hits the yaktaur!
You hear a shout!
Your magical contamination has completely faded away.
You feel stronger.
The +8 quarterstaff "Viesm" {flame, rC+ Will+ Str+2} bursts into flame!
b - the +8 quarterstaff "Viesm" (weapon)
{flame, rC+ Will+ Str+2} The yak gores you.
The yak completely misses you.
You sock the yak! You burn the yak.
The yak is severely wounded.
The yaktaur shoots a bolt.
The bolt misses you.
You thump the yak! You burn the yak.
The yak is almost dead.
The yak completely misses you. The yak gores you.
The yaktaur shoots a bolt.
The bolt hits you!!
Casting: Wereblood (safe; 1% risk of failure)
Confirm with . or Enter, or press ? or * to list all spells.
Aiming: Ensorcelled Hibernation (safe; 1% risk of failure)
Press: ? - help, Shift-Dir - straight line, f - yaktaur, p - yak
Aim: a yaktaur, wielding a +0 arbalest (moderately wounded, umbra, chance to affect: 42%)
The yaktaur resists with some effort.
The yak gores you but does no damage. You block the yak's attack.
The yaktaur shoots a bolt.
The bolt hits you!
* * * LOW HITPOINT WARNING * * *
Casting: Ensorcelled Hibernation (safe; 1% risk of failure)
Confirm with . or Enter, or press ? or * to list all spells.
Aiming: Ensorcelled Hibernation (safe; 1% risk of failure)
Press: ? - help, Shift-Dir - straight line, f/p - yaktaur
Aim: a yaktaur, wielding a +0 arbalest (moderately wounded, umbra, chance to affect: 42%)
Okay, then.
Aiming: Phantom Mirror
Press: ? - help, Dir - move target, f/p - yaktaur
Aim: a yaktaur, wielding a +0 arbalest (moderately wounded, umbra)
You reflect the yaktaur with the mirror!
The mirror clouds!
The yak closely misses you. The yak barely misses you.
The cyclops throws a large rock.
The large rock hits you!!
You die...

...........##...>.......#...# ..
#.#.................#......## #
..#.........#.......##.....#∆####
#...................(....#.###...
.................................
...........#.....................
#..........#...........C.....####
#...÷............Y.....##.....#
....##..........@.c.....#.....#
.##<.#...........Y.c........$##
..†..)(........#.............#
.....##........#..........Y...
###.##..##.....#..............
####..###.#..........###....
#...# ###....#...### . #....
###.##...... ..... ####......


You could see a cyclops, a yaktaur (ally target), 2 yaks and a friendly yaktaur
(summoned, drained).

Vanquished Creatures
  Gastronok (D:10)
  Snorg (D:10)
  3 two-headed ogres
  The ghost of onwiheg the Severer, a novice HOGl (D:7)
  Pikel (D:5)
  2 orc knights (Bailey)
  A manticore (D:11)
  An ugly thing (D:12)
  2 cyclopes
  A centaur zombie (D:10)
  2 gargoyles
  An unseen horror (D:12)
  An unseen horror zombie (D:10)
  A rime drake (D:11)
  3 trolls
  3 polar bears (D:11)
  A slime creature (D:12)
  3 shadows
  7 wraiths
  A vampire (D:10)
  10 yaks
  Menkaure (D:5)
  A steam dragon (D:8)
  2 vampire mosquitoes (D:12)
  3 acid dragons
  Duvessa (D:6)
  13 orc warriors
  A sky beast (D:6)
  A black bear (D:5)
  3 ice beasts (D:11)
  A wolf (D:11)
  5 centaurs
  A lemure (D:5)
  A kobold brigand (D:9)
  A gnoll sergeant (D:9)
  2 bullfrogs
  2 scorpions
  3 wights (D:8)
  Dowan (D:6)
  4 killer bees (D:10)
  7 howler monkeys
  A hound (D:4)
  2 jellies
  3 orc priests
  Crazy Yiuf (D:2)
  Jessica (D:2)
  6 orc wizards
  Natasha (thrice) (D:2)
  An iguana (D:4)
  Terence (D:2)
  14 gnolls
  6 adders
  2 ufetubi (D:5)
  A dart slug (D:3)
  49 orcs
  7 ball pythons
  7 endoplasms
  4 giant cockroaches
  6 goblins
  6 hobgoblins
  15 jackals
  A quokka (D:3)
  10 bats
  5 frilled lizards
  20 kobolds
  3 rats (D:2)
276 creatures vanquished.

Vanquished Creatures (collateral kills)
  An ice dragon (D:9)
  An orc priest (D:8)
2 creatures vanquished.

Vanquished Creatures (others)
  10 fulminant prisms
  2 fungi (D:2)
  11 plants (D:4)
  2 withered plants (D:10)
25 creatures vanquished.

Grand Total: 303 creatures vanquished

Notes
Turn   | Place    | Note
-------+----------+-------------------------------------------
     0 | D:1      | Ignak the Gnoll Enchanter began the quest for the Orb.
     0 | D:1      | Reached XP level 1. HP: 13/13 MP: 6/6
    13 | D:1      | Learned a level 1 spell: Beastly Appendage
    93 | D:1      | Reached XP level 2. HP: 11/19 MP: 5/7
   235 | D:1      | Learned a level 2 spell: Ensorcelled Hibernation
   243 | D:1      | Learned a level 2 spell: Wereblood
   332 | D:1      | Reached skill level 5 in Spellcasting
   332 | D:1      | Reached XP level 3. HP: 25/25 MP: 5/9
   538 | D:1      | Reached skill level 6 in Stealth
   987 | D:2      | Reached skill level 1 in Invocations
  1032 | D:2      | Noticed Terence
  1032 | D:2      | Noticed Jessica
  1046 | D:2      | Killed Terence
  1047 | D:2      | Reached skill level 1 in Fighting
  1047 | D:2      | Reached skill level 1 in Long Blades
  1047 | D:2      | Reached skill level 1 in Axes
  1047 | D:2      | Reached skill level 1 in Maces & Flails
  1047 | D:2      | Reached skill level 1 in Polearms
  1047 | D:2      | Reached skill level 1 in Staves
  1047 | D:2      | Reached skill level 1 in Ranged Weapons
  1047 | D:2      | Reached skill level 1 in Throwing
  1047 | D:2      | Reached skill level 1 in Armour
  1047 | D:2      | Reached skill level 1 in Shields
  1047 | D:2      | Reached skill level 1 in Unarmed Combat
  1047 | D:2      | Reached skill level 1 in Evocations
  1047 | D:2      | Reached XP level 4. HP: 32/32 MP: 8/11
  1053 | D:2      | Killed Jessica
  1054 | D:2      | Reached skill level 1 in Conjurations
  1054 | D:2      | Reached skill level 1 in Summonings
  1054 | D:2      | Reached skill level 1 in Necromancy
  1054 | D:2      | Reached skill level 1 in Translocations
  1054 | D:2      | Reached skill level 1 in Transmutations
  1054 | D:2      | Reached skill level 1 in Fire Magic
  1054 | D:2      | Reached skill level 1 in Ice Magic
  1054 | D:2      | Reached skill level 1 in Air Magic
  1054 | D:2      | Reached skill level 1 in Earth Magic
  1054 | D:2      | Reached skill level 1 in Poison Magic
  1131 | D:2      | Noticed Natasha
  1139 | D:2      | Killed Natasha
  1140 | D:2      | Reached XP level 5. HP: 28/37 MP: 5/12
  1275 | D:2      | Noticed Natasha
  1280 | D:2      | Killed Natasha
  1378 | D:2      | Found a runed translucent door.
  1379 | D:2      | Noticed Crazy Yiuf
  1392 | D:2      | Killed Crazy Yiuf
  1432 | D:2      | Noticed Natasha
  1438 | D:2      | Killed Natasha
  1561 | D:2      | Reached XP level 6. HP: 44/44 MP: 13/13
  1581 | D:2      | Learned a level 3 spell: Confusing Touch
  1858 | D:3      | Found a hazy altar of Hepliaklqana.
  2182 | D:3      | Reached skill level 5 in Dodging
  2311 | D:3      | Learned a level 4 spell: Fulminant Prism
  2623 | D:4      | Identified a scroll of acquirement
  2623 | D:4      | Acquired a +1 pair of gloves of infusion
  3045 | D:4      | Identified the +0 leather armour of Totica {rF- rN+ Dex+6}
  3271 | D:4      | Reached XP level 7. HP: 35/51 MP: 5/15
  3830 | D:5      | Entered Level 5 of the Dungeon
  3839 | D:5      | Noticed Menkaure
  3842 | D:5      | Killed Menkaure
  3887 | D:5      | Noticed Pikel
  3896 | D:5      | Killed Pikel
  3897 | D:5      | Reached XP level 8. HP: 47/58 MP: 6/17
  3989 | D:5      | Reached skill level 7 in Stealth
  4173 | D:5      | Found a blossoming altar of Fedhas.
  4176 | D:5      | Found a staircase to the Ecumenical Temple.
  4185 | Temple   | Entered the Ecumenical Temple
  4281 | Temple   | Became a worshipper of Dithmenos the Shadowed
  4670 | D:5      | Gained mutation: You occasionally lose the ability to read
                  | scrolls when taking damage. [potion of mutation]
  4670 | D:5      | Gained mutation: Your skin changes colour to match your
                  | surroundings (Stealth+). [potion of mutation]
  4670 | D:5      | Gained mutation: You are occasionally teleported next to
                  | monsters. [potion of mutation]
  5431 | D:6      | Noticed Dowan
  5432 | D:6      | Noticed Duvessa
  5451 | D:6      | Killed Duvessa
  5467 | D:6      | Killed Dowan
  5468 | D:6      | Reached XP level 9. HP: 46/65 MP: 1/18
  6511 | D:7      | Reached skill level 5 in Short Blades
  6917 | D:7      | Found a large runed translucent door.
  6919 | D:7      | Found a large runed translucent door.
  6919 | D:7      | Noticed onwiheg's ghost (novice HOGl)
  7167 | D:7      | Killed onwiheg's ghost
  7168 | D:7      | Reached skill level 5 in Invocations
  7386 | D:8      | Reached * piety under Dithmenos
  7819 | D:8      | Learned a level 2 spell: Blink
  7823 | D:8      | Learned a level 3 spell: Tukima's Dance
  7905 | D:8      | Reached skill level 5 in Fighting
  7905 | D:8      | Reached skill level 5 in Long Blades
  7905 | D:8      | Reached skill level 5 in Axes
  7905 | D:8      | Reached skill level 5 in Maces & Flails
  7905 | D:8      | Reached skill level 5 in Polearms
  7905 | D:8      | Reached skill level 5 in Staves
  7905 | D:8      | Reached skill level 5 in Ranged Weapons
  7905 | D:8      | Reached skill level 5 in Throwing
  7905 | D:8      | Reached skill level 5 in Armour
  7905 | D:8      | Reached skill level 5 in Shields
  7905 | D:8      | Reached skill level 5 in Unarmed Combat
  7905 | D:8      | Reached skill level 5 in Evocations
  7905 | D:8      | Reached XP level 10. HP: 64/74 MP: 16/20
  8167 | D:9      | Found a flagged portal.
  8188 | Bailey   | Entered a bailey
  8340 | Bailey   | Reached skill level 8 in Stealth
  8389 | Bailey   | Reached ** piety under Dithmenos
  8660 | Bailey   | Noticed an orc knight
  8660 | Bailey   | Noticed an orc knight
  8663 | Bailey   | Killed an orc knight
  8691 | Bailey   | Killed an orc knight
  8726 | Bailey   | Reached skill level 9 in Stealth
  8726 | Bailey   | Reached skill level 5 in Conjurations
  8726 | Bailey   | Reached skill level 5 in Summonings
  8726 | Bailey   | Reached skill level 5 in Necromancy
  8726 | Bailey   | Reached skill level 5 in Translocations
  8726 | Bailey   | Reached skill level 5 in Transmutations
  8726 | Bailey   | Reached skill level 5 in Fire Magic
  8726 | Bailey   | Reached skill level 5 in Ice Magic
  8726 | Bailey   | Reached skill level 5 in Air Magic
  8726 | Bailey   | Reached skill level 5 in Earth Magic
  8726 | Bailey   | Reached skill level 5 in Poison Magic
  8726 | Bailey   | Reached XP level 11. HP: 58/83 MP: 21/23
  9089 | D:9      | Lost mutation: You occasionally lose the ability to read
                  | scrolls when taking damage. [potion of mutation]
  9089 | D:9      | Lost mutation: You are occasionally teleported next to
                  | monsters. [potion of mutation]
  9089 | D:9      | Lost mutation: Your skin changes colour to match your
                  | surroundings (Stealth+). [potion of mutation]
  9089 | D:9      | Gained mutation: You are somewhat resistant to further
                  | mutation. [potion of mutation]
  9497 | D:9      | Noticed an ice dragon
  9526 | D:9      | Killed an ice dragon
  9579 | D:9      | Identified the +8 quarterstaff "Viesm" {flame, rC+ Will+
                  | Str+2}
  9914 | D:10     | Entered Level 10 of the Dungeon
  9943 | D:10     | Identified the +7 arbalest of Yhazimov {venom, Will+}
 10037 | D:10     | Noticed Snorg
 10115 | D:10     | Noticed Gastronok
 10248 | D:10     | Killed Snorg
 10558 | D:10     | Reached XP level 12. HP: 91/91 MP: 22/24
 11149 | D:10     | Found an ancient bone altar of Kikubaaqudgha.
 11275 | D:10     | Killed Gastronok
 11705 | D:11     | Noticed a two-headed ogre
 11716 | D:11     | Killed a two-headed ogre
 11823 | D:11     | Found a staircase to the Lair.
 12587 | D:11     | Reached skill level 10 in Stealth
 12623 | D:12     | Noticed a two-headed ogre
 12640 | D:11     | Killed a two-headed ogre
 12700 | D:12     | Noticed a two-headed ogre
 12706 | D:12     | Killed a two-headed ogre
 12706 | D:12     | Reached *** piety under Dithmenos
 12712 | D:12     | Reached XP level 13. HP: 85/98 MP: 7/26
 13010 | D:12     | Hit by a large rock thrown by a cyclops

Illustrated notes

Levels and vault maps discovered:
D:1:      giann_forest_graveyard, layout_basic
D:2:      layout_basic, uniq_terence, uniq_natasha, uniq_jessica,
          uniq_crazy_yiuf_cottage
D:3:      layout_rooms, mainiacjoe_overflow_small_starburst, hex_large,
          minmay_quadrilaterals
D:4:      layout_basic, serial_bayou, serial_bayou_lake_a, serial_bayou_ford_a,
          serial_bayou_shore_a, serial_bayou_pond_a, serial_bayou_shore_b,
          nicolae_titane
D:5:      layout_basic, lemuel_tele_altar, lemuel_temple_firewalk_a, uniq_pikel,
          uniq_menkaure
D:6:      layout_gridville, uniq_duvessa
D:7:      layout_basic, ebering_ghost_disaster_area
D:8:      layout_cave_pools, ebering_dispersal_statue_hall,
          hangedman_abyss_or_decor_passed, minmay_holes
D:9:      dragon1_lemuel, layout_long_grid, enter_bailey_6,
          amcnicky_mini_rare_corridor_liquid
D:10:     layout_irregular_city, mainiacjoe_overflow_surrounded_room,
          serial_undead, serial_undead_a, serial_undead_c, serial_undead_f,
          serial_undead_c, uniq_snorg, uniq_gastronok
D:11:     layout_long_grid, hellmonk_lair_entry_icy, nicolae_lava_and_water
D:12:     layout_cave_pools, orc_0_dummy, serial_column_ruins,
          column_ruins_open_tiny, column_ruins_open_medium,
          column_ruins_open_tiny, column_ruins_open_tiny, column_ruins_grid_2,
          column_ruins_open_tiny, column_ruins_open_small, minmay_pinched_square
Temple:   nicolae_temple_bog_church

Skill      XL: |  1  2  3  4  5  6  7  8  9 10 11 12 13 |
---------------+----------------------------------------+-----
Spellcasting   | 5 6 7 8 9 |  9.7
Stealth        | 6 7 9 10 | 10.2
Invocations    | 1 2 3 4 5 7 8 9 |  9.0
Fighting       | 1 2 3 5 6 7 8 |  8.2
Long Blades    | 1 2 3 5 6 7 8 |  8.2
Axes           | 1 2 3 5 6 7 8 |  8.2
Maces & Flails | 1 2 3 5 6 7 8 |  8.2
Polearms       | 1 2 3 5 6 7 8 |  8.2
Staves         | 1 2 3 5 6 7 8 |  8.2
Ranged Weapons | 1 2 3 5 6 7 8 |  8.2
Throwing       | 1 2 3 5 6 7 8 |  8.2
Armour         | 1 2 3 5 6 7 8 |  8.2
Shields        | 1 2 3 5 6 7 8 |  8.2
Unarmed Combat | 1 2 3 5 6 7 8 |  8.2
Evocations     | 1 2 3 5 6 7 8 |  8.2
Conjurations   | 1 2 3 4 5 6 |  6.8
Summonings     | 1 2 3 4 5 6 |  6.8
Necromancy     | 1 2 3 4 5 6 |  6.8
Translocations | 1 2 3 4 5 6 |  6.8
Transmutations | 1 2 3 4 5 6 |  6.8
Fire Magic     | 1 2 3 4 5 6 |  6.8
Ice Magic      | 1 2 3 4 5 6 |  6.8
Air Magic      | 1 2 3 4 5 6 |  6.8
Earth Magic    | 1 2 3 4 5 6 |  6.8
Poison Magic   | 1 2 3 4 5 6 |  6.8
Short Blades   | 3 4 5 7 8 |  8.7
Dodging        | 5 6 8 9 |  9.5
Hexes          | 6 7 8 |  8.9

Action                   |  1- 3 |  4- 6 |  7- 9 | 10-12 | 13-15 || total
-------------------------+-------+-------+-------+-------+-------++-------
Melee: Dagger            |    62 |   165 |   130 |   149 |    16 ||   522
       Headbutt          |     4 |     4 |     5 |    33 |       ||    46
       Kick              |     7 |     5 |     6 |    47 |     5 ||    70
       Bite              |     1 |    14 |     6 |    33 |     1 ||    55
       Punch             |     1 |     1 |    10 |     6 |       ||    18
       Mace              |       |       |    19 |    22 |       ||    41
       Quarterstaff      |       |       |       |    86 |     3 ||    89
 Fire: Arbalest          |       |       |       |     9 |       ||     9
Throw: Dart              |       |       |       |     3 |       ||     3
 Cast: Beastly Appendage |     3 |     4 |     3 |    15 |     1 ||    26
       Wereblood         |     1 |     3 |     3 |     8 |     1 ||    16
       Ensorcelled Hiber |     1 |    31 |    39 |    48 |    11 ||   130
       Fulminant Prism   |       |     1 |     1 |     8 |       ||    10
       Confusing Touch   |       |       |     3 |     4 |       ||     7
       Blink             |       |       |       |     5 |     1 ||     6
Evoke: Wand              |       |       |     1 |     5 |       ||     6
       Phantom mirror    |       |       |       |     1 |     2 ||     3
  Use: Scroll            |     3 |     4 |     4 |     7 |       ||    18
       Potion            |       |       |    14 |     3 |       ||    17
 Stab: Sleeping          |     9 |    36 |    25 |    46 |     5 ||   121
       Distracted        |       |     2 |       |     1 |       ||     3
       Invisible         |       |       |     1 |       |       ||     1
       Confused          |       |       |     2 |     4 |       ||     6
Armor: Robe              |    11 |    33 |    47 |    22 |       ||   113
       Troll leather arm |       |       |       |    52 |    13 ||    65
Dodge: Dodged            |    38 |   115 |   126 |   291 |    22 ||   592
Block: Other             |       |       |       |    46 |     9 ||    55
       Reflection        |       |       |       |     1 |     1 ||     2

Table legend: (Time is in decaauts)
 A = Elapsed time spent in this place.
 B = Non-inter-level travel time spent in this place.
 C = Inter-level travel time spent in this place.
 D = Time resting spent in this place.
 E = Time spent auto-exploring this place.
 F = Levels seen in this place.
 G = Mean time per level.
                   A        B        C        D        E       F      G
               +--------+--------+--------+--------+--------+-----+--------+
         Total |  12944 |  12578 |    366 |   1075 |   7892 |  14 |  924.6 |
       Dungeon |  12182 |  11828 |    354 |    944 |   7637 |  12 | 1015.2 |
        Temple |    115 |    103 |     12 |      0 |      0 |   1 |  115.0 |
        Bailey |    646 |    646 |      0 |    131 |    255 |   1 |  646.0 |
               +--------+--------+--------+--------+--------+-----+--------+

Top non-repeatable levels by time:
    D:10: 1754 daAuts
     D:4: 1386 daAuts
     D:5: 1377 daAuts
     D:9: 1122 daAuts
     D:7: 1095 daAuts
     D:1: 976 daAuts
    D:11: 949 daAuts
     D:2: 864 daAuts
     D:6: 854 daAuts
     D:8: 826 daAuts
  Bailey: 646 daAuts
     D:3: 635 daAuts
    D:12: 340 daAuts
  Temple: 115 daAuts
